[Event "Titled Tuesday Blitz August 1 Early 2023"]
[White "Zaichenko, Daria"]
[Black "zano2023"]
[WhiteFideId "4197453"]
[WhiteElo "2252"]
[BlackElo "2135"]
[Result "1-0"]
[Round "6"]
[TimeControl "180+1"]
[Date "2023.08.01"]
[WhiteClock "0:00:12"]
[BlackClock "0:00:00"]
[Board "226"]

1. e4 e5 2. Nf3 d6 3. Bc4 Be7 4. c3 Nf6 5. d3 O-O 6. Nbd2 c6 7. Bb3 Bg4 8. h3 Bh5 9. Nf1 Nbd7 10. Ng3 Bg6 11. Nh4 d5 12. Nhf5 dxe4 13. dxe4 Bc5 14. Bg5 Qc7 15. Qe2 Rfe8 16. h4 b5 17. h5 Bxf5 18. Nxf5 a5 19. a3 Bf8 20. Rd1 h6 21. Bc1 Nc5 22. Bc2 Ne6 23. Qf3 Nf4 24. g3 N4xh5 25. Rxh5 Nxh5 26. Qxh5 g6 27. Nxh6+ Bxh6 28. Qxh6 Rad8 29. Bb3 Rxd1+ 30. Kxd1 Qd6+ 31. Ke1 Rd8 32. Bg5 Rd7 33. Kf1 a4 34. Ba2 c5 35. Bd5 b4 36. Kg2 bxa3 37. bxa3 Qb6 38. Qh4 Rd6 39. Be7 Kg7 40. Bxd6 Qxd6 41. c4 Qd7 42. Qh3 Qc7 43. Qg4 Qd6 44. Qf3 f6 45. Qc3 Qb6 46. Qe3 Qd6 47. f4 exf4 48. gxf4 Qd7 49. Kg3 Qd6 50. e5 fxe5 51. fxe5 Qe7 52. e6 Kh7 53. Qf4 Kh8 54. Qh4+ Qh7 55. e7 1-0


[Site "https://www.chess.com"]

[Event "Titled Tuesday Blitz August 1 Early 2023"]
[White "Wisniowski, Natalie"]
[Black "Vidruska, Renate"]
[WhiteFideId "30929261"]
[BlackFideId "11601841"]
[WhiteElo "2021"]
[BlackElo "2215"]
[Result "0-1"]
[Round "6"]
[TimeControl "180+1"]
[Date "2023.08.01"]
[WhiteClock "0:00:01"]
[BlackClock "0:00:26"]
[Board "227"]

1. e4 e5 2. Nf3 Nf6 3. Nxe5 d6 4. Nf3 Nxe4 5. Nc3 Nxc3 6. dxc3 Be7 7. Be3 Be6 8. Qd2 Nc6 9. O-O-O a6 10. Kb1 Qd7 11. Bd3 O-O-O 12. Rhe1 Kb8 13. Nd4 Nxd4 14. Bxd4 c5 15. Be3 d5 16. Bf4+ Ka7 17. Be2 Qa4 18. b3 Qa5 19. Bf3 Rhe8 20. Kb2 h6 21. Re2 Bf6 22. Be5 Bxe5 23. Rxe5 Qc7 24. Rde1 d4 25. cxd4 cxd4 26. Qd3 Rd6 27. Bg4 Rc8 28. Bxe6 fxe6 29. Rxe6 Qc3+ 30. Qxc3 dxc3+ 31. Kb1 Rd2 32. R6e2 Rcd8 33. a4 Kb6 34. Re6+ Kc5 35. R6e2 Kb4 36. Ka2 Rxe2 37. Rxe2 Rd2 38. Re4+ Ka5 39. Re5+ b5 40. axb5 axb5 41. Re7 Rxc2+ 42. Kb1 Rxf2 43. Rc7 Kb4 44. Rc8 Kxb3 45. Kc1 Rf1# 0-1


[Site "https://www.chess.com"]

[Event "Titled Tuesday Blitz August 1 Early 2023"]
[White "alfianasybullina"]
[Black "Navyblue1"]
[WhiteElo "2210"]
[BlackElo "1935"]
[Result "1-0"]
[Round "6"]
[TimeControl "180+1"]
[Date "2023.08.01"]
[WhiteClock "0:00:24"]
[BlackClock "0:00:02"]
[Board "228"]

1. Nf3 d5 2. d4 c5 3. c3 Nc6 4. g3 Nf6 5. Bg2 Bg4 6. dxc5 e5 7. b4 Ne4 8. O-O a5 9. b5 Na7 10. Nxe5 Be6 11. c4 Bxc5 12. Ba3 Bxa3 13. Nxa3 O-O 14. Bxe4 dxe4 15. Qxd8 Rfxd8 16. Rfd1 f6 17. b6 Nc6 18. Nxc6 bxc6 19. Rxd8+ Rxd8 20. Rb1 Rb8 21. Rb2 Kf7 22. c5 Ke7 23. Nc2 Kd7 24. Nd4 g6 25. Rd2 Bd5 26. a3 Kc8 27. f3 exf3 28. exf3 Kd7 29. Kf2 Re8 30. Nc2 Kc8 31. Ne3 Re5 32. h4 Kb7 33. f4 Re4 34. Nxd5 cxd5 35. Rxd5 Kc6 36. Rd6+ Kxc5 37. b7 Re8 38. Rd7 Rb8 39. Rxh7 Kc6 40. Rf7 Rxb7 41. Rxf6+ Kd5 42. Rxg6 Rb2+ 43. Kf3 Rb3+ 44. Kg4 Rxa3 45. Rg5+ Ke4 46. Re5+ Kd4 47. h5 a4 48. h6 Ra1 49. h7 Rh1 50. Rh5 Rxh5 51. Kxh5 1-0


[Site "https://www.chess.com"]

[Event "Titled Tuesday Blitz August 1 Early 2023"]
[White "Carlsen, Magnus"]
[Black "Andreikin, Dmitry"]
[WhiteFideId "1503014"]
[BlackFideId "4158814"]
[WhiteElo "3253"]
[BlackElo "3056"]
[Result "1/2-1/2"]
[Round "7"]
[TimeControl "180+1"]
[Date "2023.08.01"]
[WhiteClock "0:00:06"]
[BlackClock "0:00:12"]
[Board "1"]

1. d4 Nf6 2. c4 e6 3. Nf3 b6 4. g3 Bb7 5. Bg2 Bb4+ 6. Bd2 a5 7. O-O O-O 8. h4 h6 9. Bf4 Be7 10. Nc3 Ne4 11. Qc2 Nxc3 12. bxc3 a4 13. Rad1 d6 14. e4 Nd7 15. Rfe1 Ra5 16. Qe2 Qa8 17. g4 Nf6 18. Nh2 Nh7 19. Bg3 Qd8 20. Nf3 Nf6 21. Nd2 Nh7 22. h5 Bh4 23. Bh2 Ng5 24. d5 e5 25. Nf1 Nh7 26. Ne3 Ba6 27. Rf1 Bg5 28. f4 exf4 29. Bxf4 Bc8 30. Qf2 Qe7 31. Rde1 Rc5 32. Qf3 Bxf4 33. Qxf4 Qg5 34. Rb1 Bd7 35. Qxg5 Nxg5 36. Rf4 f6 37. Kf2 Re8 38. Rb4 Nf7 39. Bf1 Ng5 40. Bd3 Nh3+ 41. Kf3 a3 42. Rf5 Bxf5 43. gxf5 Ng5+ 44. Kf4 Nh3+ 45. Kf3 Ng5+ 46. Kf4 Nf7 47. Nc2 Ne5 48. Be2 Ra8 49. Nd4 Rca5 50. Ne6 Ra4 51. Rb1 Re8 52. Nxc7 Re7 53. Nb5 Rd7 54. Rb4 Ra5 55. Ke3 Kf8 56. Kd4 Ke7 57. Rb3 Rb7 58. Rb1 Ra4 59. Rh1 Rb8 60. Rg1 Rg8 61. Rb1 Rc8 62. Rb4 Ra5 63. Rb3 Ra4 64. Rb4 Ra5 65. Rb3 Ra4 66. Rb4 1/2-1/2


[Site "https://www.chess.com"]

[Event "Titled Tuesday Blitz August 1 Early 2023"]
[White "Zhigalko, Sergei"]
[Black "Aronian, Levon"]
[WhiteFideId "13502956"]
[BlackFideId "13300474"]
[WhiteElo "2899"]
[BlackElo "3080"]
[Result "1/2-1/2"]
[Round "7"]
[TimeControl "180+1"]
[Date "2023.08.01"]
[WhiteClock "0:02:31"]
[BlackClock "0:01:54"]
[Board "2"]

1. e4 c5 2. c3 e6 3. d4 d5 4. e5 Nc6 5. Nf3 Bd7 6. Be2 Nge7 7. Na3 cxd4 8. cxd4 Nf5 9. Nc2 Rc8 10. O-O a6 11. Bd3 Nb4 12. Nxb4 Bxb4 13. Qb3 Be7 14. Qxb7 Rb8 15. Qxa6 Ra8 16. Qb7 Rb8 17. Qa6 Ra8 18. Qb7 Rb8 19. Qa6 1/2-1/2


[Site "https://www.chess.com"]

[Event "Titled Tuesday Blitz August 1 Early 2023"]
[White "Pranesh M"]
[Black "Kovalenko, Igor"]
[WhiteFideId "35028600"]
[BlackFideId "14117908"]
[WhiteElo "3072"]
[BlackElo "2863"]
[Result "1/2-1/2"]
[Round "7"]
[TimeControl "180+1"]
[Date "2023.08.01"]
[WhiteClock "0:00:28"]
[BlackClock "0:00:25"]
[Board "3"]

1. e4 c5 2. Nf3 e6 3. d4 cxd4 4. Nxd4 Nf6 5. Nc3 Nc6 6. Ndb5 Bb4 7. a3 Bxc3+ 8. Nxc3 d5 9. exd5 exd5 10. Bd3 O-O 11. O-O d4 12. Ne4 Bf5 13. Bg5 Bxe4 14. Bxe4 h6 15. Bxf6 Qxf6 16. Qd2 Rad8 17. Rfe1 Rd6 18. Re2 b6 19. Rae1 Ne5 20. Bd3 Nxd3 21. cxd3 Rc6 22. h3 a5 23. Qd1 g6 24. Qb3 Qf5 25. Re5 Qf4 26. R5e4 Qf6 27. g3 Qf5 28. Kg2 Rd6 29. Re5 Qd7 30. Qd1 Rf6 31. Qg4 Qd6 32. Qe4 Rd8 33. Re2 Kg7 34. h4 h5 35. Rc2 Qd7 36. Re7 Qb5 37. Re2 a4 38. Rc2 Qd5 39. Rc4 b5 40. Rcc7 Qxe4+ 41. Rxe4 Rd5 42. Kf1 Rb6 43. Ree7 Rf5 44. Rb7 Rxb7 45. Rxb7 Rc5 46. Kg2 Kf6 47. Kf3 Ke5 48. Rxf7 Rc2 49. Re7+ Kf5 50. Re2 Rc1 51. Kg2 Rd1 52. Rc2 b4 53. Rc5+ Ke6 54. axb4 Rxd3 55. b5 Rb3 56. Rc4 Kd5 57. Rxa4 Rxb5 58. Kf3 Rb3+ 59. Ke2 Rxb2+ 60. Kf3 Rb3+ 61. Ke2 Ke4 62. f3+ Rxf3 63. Rxd4+ Kxd4 64. Kxf3 Ke5 65. g4 hxg4+ 66. Kxg4 Kf6 67. Kf4 Kg7 68. Kg5 Kh7 69. Kf4 Kh6 70. Kg4 Kh7 71. Kg5 Kg7 72. h5 gxh5 73. Kxh5 1/2-1/2


[Site "https://www.chess.com"]

[Event "Titled Tuesday Blitz August 1 Early 2023"]
[White "Tristan, Leonardo"]
[Black "Makarian, Rudik"]
[WhiteFideId "113816"]
[BlackFideId "44105681"]
[WhiteElo "2801"]
[BlackElo "3020"]
[Result "0-1"]
[Round "7"]
[TimeControl "180+1"]
[Date "2023.08.01"]
[WhiteClock "0:00:04"]
[BlackClock "0:00:52"]
[Board "4"]

1. d4 Nf6 2. Nf3 c5 3. c3 d5 4. Bf4 Nc6 5. e3 Qb6 6. Qc2 g6 7. Nbd2 Bg7 8. Be2 O-O 9. O-O Bf5 10. dxc5 Qxc5 11. Qb3 Ne4 12. Nxe4 Bxe4 13. Rfd1 Na5 14. Qb5 Qxb5 15. Bxb5 a6 16. Be2 Nc4 17. Bxc4 dxc4 18. Rd7 Rfe8 19. Ne5 Rac8 20. f3 Bf5 21. Rxb7 f6 22. Ng4 h5 23. Nf2 e5 24. Bg3 Rb8 25. Rxb8 Rxb8 26. e4 Be6 27. Nd1 Bh6 28. Bf2 f5 29. Kf1 Kf7 30. h3 Rd8 31. Ke1 Rd2 32. exf5 gxf5 33. b3 Rc2 34. bxc4 Bxc4 35. Be3 Re2+ 0-1


[Site "https://www.chess.com"]

[Event "Titled Tuesday Blitz August 1 Early 2023"]
[White "Khachiyan, Melikset"]
[Black "Bok, Benjamin"]
[WhiteFideId "13300512"]
[BlackFideId "1017063"]
[WhiteElo "2736"]
[BlackElo "2965"]
[Result "0-1"]
[Round "7"]
[TimeControl "180+1"]
[Date "2023.08.01"]
[WhiteClock "0:01:24"]
[BlackClock "0:02:13"]
[Board "5"]

1. e4 c5 2. Nf3 d6 3. d4 cxd4 4. Nxd4 Nf6 5. Nc3 a6 6. Be2 e5 7. Nb3 Be7 8. O-O O-O 9. Be3 Be6 10. Bf3 Nbd7 11. a4 Qb8 12. a5 Rc8 13. Qd3 b5 14. axb6 Bc4 15. b7 Qxb7 16. Na5 Bxd3 17. Nxb7 Bxf1 18. Kxf1 Rab8 19. Na5 Rxb2 20. Bd1 0-1


[Site "https://www.chess.com"]

[Event "Titled Tuesday Blitz August 1 Early 2023"]
[White "Baskakov, Egor"]
[Black "Koellner, Ruben Gideon"]
[WhiteFideId "24197866"]
[BlackFideId "12993093"]
[WhiteElo "2935"]
[BlackElo "2732"]
[Result "1-0"]
[Round "7"]
[TimeControl "180+1"]
[Date "2023.08.01"]
[WhiteClock "0:00:49"]
[BlackClock "0:00:07"]
[Board "6"]

1. e4 d6 2. g3 e5 3. Bg2 Nf6 4. Ne2 Be7 5. h3 c5 6. O-O Nc6 7. c3 O-O 8. d4 b5 9. Be3 Bb7 10. Nd2 a5 11. Re1 Re8 12. f4 Bf8 13. fxe5 dxe5 14. d5 Nb8 15. c4 b4 16. g4 h6 17. Ng3 g6 18. Rf1 Nh7 19. Nf3 Ra6 20. Qd2 g5 21. Nf5 Nd7 22. Qf2 Ndf6 23. Nd2 Qc7 24. Qg3 Bc8 25. h4 Bxf5 26. Rxf5 gxh4 27. Qxh4 Nd7 28. Raf1 f6 29. Qh5 Re7 30. Nf3 Ng5 31. Nh4 Bg7 32. R5f2 Qd8 33. Nf5 Rf7 34. Kh2 Qe8 35. Rh1 Rf8 36. Qh4 Qg6 37. Ne7+ Kf7 38. Nxg6 Kxg6 39. Qh5+ Kh7 40. Rhf1 Kg8 41. Bxg5 hxg5 42. Bf3 Rf7 43. Kg2 Nf8 44. Rh1 Rfa7 45. Bd1 a4 46. Rf3 a3 47. bxa3 Rxa3 48. Rxa3 Rxa3 49. Bb3 Ra5 50. Qe8 Ra7 51. d6 Rd7 52. Rd1 Bh6 53. Ba4 Ra7 54. d7 Rxa4 55. d8=Q Rxa2+ 56. Kf1 Rh2 57. Rd7 Rh1+ 58. Kg2 Rh4 59. Qf7+ Kh8 60. Qh7# 1-0


[Site "https://www.chess.com"]

[Event "Titled Tuesday Blitz August 1 Early 2023"]
[White "Bortnyk, Olexandr"]
[Black "Shtembuliak, Evgeny"]
[WhiteFideId "14120828"]
[BlackFideId "14113325"]
[WhiteElo "3071"]
[BlackElo "2858"]
[Result "1-0"]
[Round "7"]
[TimeControl "180+1"]
[Date "2023.08.01"]
[WhiteClock "0:00:27"]
[BlackClock "0:00:00"]
[Board "7"]

1. d4 g6 2. h4 Nf6 3. Nc3 c5 4. d5 d6 5. e4 Bg7 6. Be2 h6 7. Bf4 Nbd7 8. Qd2 a6 9. a4 Qc7 10. a5 Rb8 11. Nh3 b5 12. axb6 Rxb6 13. Ra2 Rb4 14. f3 Nh5 15. Bh2 Qb8 16. b3 c4 17. Bxc4 Rxc4 18. bxc4 Qb4 19. Nd1 Qxc4 20. Ra3 O-O 21. g4 Nhf6 22. Ne3 Qc7 23. O-O Nc5 24. Nf2 Nfd7 25. Rb1 Ne5 26. Qe2 f5 27. exf5 gxf5 28. gxf5 Bxf5 29. Nxf5 Rxf5 30. Kh1 Qc8 31. Rg1 Kh8 32. Ne4 Rh5 33. Nxc5 dxc5 34. f4 Nf7 35. Qxh5 1-0


[Site "https://www.chess.com"]

[Event "Titled Tuesday Blitz August 1 Early 2023"]
[White "Moroni, Luca Jr"]
[Black "Xu, Xiangyu"]
[WhiteFideId "865834"]
[BlackFideId "8608288"]
[WhiteElo "2858"]
[BlackElo "3000"]
[Result "0-1"]
[Round "7"]
[TimeControl "180+1"]
[Date "2023.08.01"]
[WhiteClock "0:00:03"]
[BlackClock "0:00:38"]
[Board "8"]

1. d4 d5 2. Bf4 c5 3. e3 Nc6 4. Nf3 cxd4 5. exd4 Bg4 6. c3 e6 7. Nbd2 Bd6 8. Bxd6 Qxd6 9. Be2 Nge7 10. O-O O-O 11. Re1 a6 12. a3 Ng6 13. Ne5 Ncxe5 14. dxe5 Bxe2 15. Qxe2 Qb6 16. Nf3 Rac8 17. Nd4 Rc4 18. Rad1 Ne7 19. Kh1 Nc6 20. Nxc6 bxc6 21. g3 Rb8 22. Rd2 a5 23. Kg2 a4 24. Qd3 g6 25. h4 h5 26. Qf3 Qd8 27. Qd1 c5 28. Qf3 Qe7 29. Ree2 Rb3 30. Re3 Qb7 31. Qf6 Qc7 32. Kh3 Rb7 33. Kg2 Qb8 34. Qg5 d4 35. cxd4 Rxd4 36. Rxd4 cxd4 37. Rd3 Rxb2 38. Rxd4 Qb7+ 39. Kf1 Qh1# 0-1


[Site "https://www.chess.com"]

[Event "Titled Tuesday Blitz August 1 Early 2023"]
[White "Rustemov, Alexander"]
[Black "Megaranto, Susanto"]
[WhiteFideId "4119002"]
[BlackFideId "7101384"]
[WhiteElo "2844"]
[BlackElo "2971"]
[Result "0-1"]
[Round "7"]
[TimeControl "180+1"]
[Date "2023.08.01"]
[WhiteClock "0:00:00"]
[BlackClock "0:00:06"]
[Board "10"]

1. d4 d5 2. c4 c6 3. Nc3 Nf6 4. e3 a6 5. Qc2 g6 6. Nf3 Bg7 7. Bd3 O-O 8. O-O Be6 9. c5 Qc7 10. h3 Re8 11. b4 Bc8 12. Bb2 Nbd7 13. Ne2 Nh5 14. g4 Nhf6 15. Ne5 Nxe5 16. dxe5 Nd7 17. f4 a5 18. a3 axb4 19. axb4 Rxa1 20. Bxa1 b6 21. Bd4 bxc5 22. bxc5 Nf8 23. Kg2 f6 24. exf6 Bxf6 25. Qc3 e5 26. fxe5 Bxe5 27. Rf3 Bxd4 28. Nxd4 Nd7 29. Be2 Ne5 30. Rf4 Qe7 31. Nf3 Nd7 32. Nd4 Ne5 33. Nf3 Nf7 34. Qf6 Qxf6 35. Rxf6 Rxe3 36. Nd4 Bd7 37. Rf3 Re4 38. Rd3 Ne5 39. Rd2 g5 40. Kf2 Kg7 41. Bf3 Rf4 42. Kg3 Nc4 43. Rd3 Ne5 44. Rd2 h6 45. Be2 Re4 46. Bf3 Re3 47. Kf2 Rc3 48. Be2 Rxc5 49. Ra2 Rc3 50. Ra7 Kf6 51. Nf3 Nxf3 52. Bxf3 Be6 53. Rh7 Kg6 54. Re7 Bf7 55. Rd7 Kf6 56. Rd6+ Be6 57. Rd8 Ke5 58. Rh8 c5 59. Rxh6 c4 60. Rg6 d4 61. Kg3 Re3 62. Rxg5+ Kf6 0-1


[Site "https://www.chess.com"]

[Event "Titled Tuesday Blitz August 1 Early 2023"]
[White "Hovhannisyan, Robert"]
[Black "Harvey, Marcus R"]
[WhiteFideId "13302507"]
[BlackFideId "400092"]
[WhiteElo "2969"]
[BlackElo "2808"]
[Result "1-0"]
[Round "7"]
[TimeControl "180+1"]
[Date "2023.08.01"]
[WhiteClock "0:02:12"]
[BlackClock "0:02:20"]
[Board "11"]

1. e4 c5 2. Nf3 d6 3. d4 cxd4 4. Qxd4 Nf6 5. Nc3 Nc6 6. Bb5 Bd7 7. Bxc6 Bxc6 8. Bg5 e6 9. O-O-O Be7 10. Bxf6 Bxf6 11. Qxd6 Qxd6 12. Rxd6 Ke7 13. Rxc6 bxc6 14. e5 Rhd8 15. exf6+ gxf6 16. Re1 f5 17. b3 Kf6 18. Re5 Rd6 19. Ra5 Re8 20. Rxa7 e5 21. Nd2 e4 22. Nc4 Rde6 23. g3 1-0


[Site "https://www.chess.com"]

[Event "Titled Tuesday Blitz August 1 Early 2023"]
[White "Priasmoro, Novendra"]
[Black "Shimanov, Aleksandr"]
[WhiteFideId "7105029"]
[BlackFideId "4198603"]
[WhiteElo "2793"]
[BlackElo "2950"]
[Result "0-1"]
[Round "7"]
[TimeControl "180+1"]
[Date "2023.08.01"]
[WhiteClock "0:00:00"]
[BlackClock "0:00:20"]
[Board "12"]

1. e4 d5 2. exd5 Qxd5 3. Nc3 Qe5+ 4. Be2 Bg4 5. d4 Bxe2 6. Ngxe2 Qa5 7. O-O Nf6 8. Nf4 c6 9. Re1 e6 10. d5 cxd5 11. Ncxd5 Nxd5 12. Nxd5 Nc6 13. Nc3 Bb4 14. Qg4 Bxc3 15. bxc3 O-O 16. Bb2 Ne5 17. Qe4 Ng6 18. c4 Rfd8 19. Red1 Qc7 20. Rd3 Rd7 21. Rad1 Rad8 22. g3 Nf8 23. h4 e5 24. Bxe5 Qc6 25. Qg4 Qg6 26. Rxd7 Rxd7 0-1


[Site "https://www.chess.com"]

[Event "Titled Tuesday Blitz August 1 Early 2023"]
[White "Movahed, Sina"]
[Black "Lamaze, Simon"]
[WhiteFideId "42520835"]
[BlackFideId "36069264"]
[WhiteElo "2949"]
[BlackElo "2792"]
[Result "1-0"]
[Round "7"]
[TimeControl "180+1"]
[Date "2023.08.01"]
[WhiteClock "0:01:31"]
[BlackClock "0:00:58"]
[Board "13"]

1. e4 c6 2. d4 d5 3. e5 Bf5 4. h4 h5 5. Bg5 Qb6 6. Bd3 Qxd4 7. Nf3 Qg4 8. Bxf5 Qxf5 9. c4 e6 10. O-O f6 11. exf6 gxf6 12. Nd4 Qg6 13. Re1 e5 14. cxd5 cxd5 15. Ne6 Qf7 16. Qxd5 Nc6 17. Nc3 Rd8 18. Nxd8 Nxd8 19. Rxe5+ Ne7 20. Qb5+ Nc6 21. Ne4 Kd7 22. Qxb7+ 1-0


[Site "https://www.chess.com"]

[Event "Titled Tuesday Blitz August 1 Early 2023"]
[White "Zemlyanskii, Ivan"]
[Black "Djordjevic, Vuk"]
[WhiteFideId "24249971"]
[BlackFideId "902098"]
[WhiteElo "2938"]
[BlackElo "2759"]
[Result "1-0"]
[Round "7"]
[TimeControl "180+1"]
[Date "2023.08.01"]
[WhiteClock "0:00:29"]
[BlackClock "0:00:00"]
[Board "14"]

1. d4 e6 2. c4 Nf6 3. Bf4 d6 4. Nc3 h6 5. e4 Nc6 6. Be3 e5 7. d5 Ne7 8. Be2 g5 9. c5 Ng6 10. cxd6 Bxd6 11. g3 O-O 12. Nf3 Ng4 13. Bd2 Bc5 14. O-O f5 15. Ne1 Nxf2 16. Rxf2 f4 17. Nd3 Bxf2+ 18. Nxf2 Qf6 19. Qe1 Bd7 20. Bh5 f3 21. Qe3 c6 22. Rf1 Ne7 23. Ng4 Qd6 24. Rxf3 Rxf3 25. Qxf3 Rf8 26. Qe2 cxd5 27. exd5 Nxd5 28. Qxe5 Qb6+ 29. Kg2 Nxc3 30. Bxc3 Bc6+ 31. Kh3 1-0


[Site "https://www.chess.com"]

[Event "Titled Tuesday Blitz August 1 Early 2023"]
[White "Demidov, Mikhail"]
[Black "Matinian, Nikita"]
[WhiteFideId "4197143"]
[BlackFideId "24129100"]
[WhiteElo "2926"]
[BlackElo "2758"]
[Result "1-0"]
[Round "7"]
[TimeControl "180+1"]
[Date "2023.08.01"]
[WhiteClock "0:00:10"]
[BlackClock "0:00:00"]
[Board "15"]

1. Nf3 Nf6 2. g3 g6 3. b3 Bg7 4. Bb2 d6 5. d4 O-O 6. Bg2 a5 7. O-O a4 8. c4 Ne4 9. Ne1 f5 10. Nd3 axb3 11. axb3 Rxa1 12. Bxa1 Nc6 13. e3 e5 14. d5 Ne7 15. f3 Nf6 16. f4 Ng4 17. Qd2 e4 18. Bxg7 Kxg7 19. Nb4 h5 20. h3 Nh6 21. Nc3 Neg8 22. Ra1 h4 23. gxh4 Qxh4 24. Nb5 g5 25. Qf2 Qxf2+ 26. Kxf2 gxf4 27. exf4 Nf6 28. Nxc7 Nh5 29. Ke3 Kf6 30. Bf1 Rg8 31. Ra8 Rg3+ 32. Kf2 e3+ 33. Ke1 Nxf4 34. Rxc8 Rg1 35. Rf8+ Ke7 36. Re8+ Kd7 37. Rxe3 Ng2+ 38. Kf2 Nxe3 39. Kxg1 Kxc7 40. Bd3 Kb6 41. Kf2 f4 42. Nc2 Kc5 43. Nxe3 fxe3+ 44. Kxe3 Kb4 45. h4 Kxb3 46. Kd4 b6 47. h5 Kb4 48. Bg6 Kb3 49. Be4 Kb4 50. Bc2 Ka3 51. Ke3 Kb2 52. Ba4 Kc3 53. Bb5 Ng8 54. Kf4 Kd4 55. Kg5 Ke5 56. h6 Nf6 57. Kg6 1-0


[Site "https://www.chess.com"]

[Event "Titled Tuesday Blitz August 1 Early 2023"]
[White "Rosen, Eric"]
[Black "Khubukshanov, Erdem"]
[WhiteFideId "2032562"]
[BlackFideId "54114527"]
[WhiteElo "2705"]
[BlackElo "2868"]
[Result "0-1"]
[Round "7"]
[TimeControl "180+1"]
[Date "2023.08.01"]
[WhiteClock "0:00:00"]
[BlackClock "0:02:01"]
[Board "16"]

1. d4 Nf6 2. Bf4 c5 3. e3 Nd5 4. Bg3 Qb6 5. c4 Qxb2 6. cxd5 Qxa1 7. dxc5 Qxa2 8. Nd2 Qxd5 9. Qc2 Nc6 10. Bc4 Qxg2 11. Ndf3 Qxh1 12. Bxf7+ Kxf7 13. Qf5+ Ke8 14. Ng5 Qxg1+ 15. Ke2 Nd8 16. Ne4 Qa1 17. Be5 Qa2+ 18. Kf1 d6 19. Qh5+ Qf7 20. Qg5 Bh3+ 21. Ke1 Qf5 22. Qh4 dxe5 23. c6 Nxc6 0-1


[Site "https://www.chess.com"]

[Event "Titled Tuesday Blitz August 1 Early 2023"]
[White "Kleiman, Jake"]
[Black "Rasulov, Vugar"]
[WhiteFideId "2020041"]
[BlackFideId "13402390"]
[WhiteElo "2539"]
[BlackElo "2859"]
[Result "0-1"]
[Round "7"]
[TimeControl "180+1"]
[Date "2023.08.01"]
[WhiteClock "0:00:04"]
[BlackClock "0:01:25"]
[Board "17"]

1. e4 c6 2. Nc3 d5 3. Nf3 dxe4 4. Nxe4 Nf6 5. Qe2 Nxe4 6. Qxe4 Nd7 7. Bc4 Nf6 8. Ne5 e6 9. Qe2 b5 10. Bb3 Qc7 11. d4 Bd6 12. O-O O-O 13. Re1 c5 14. dxc5 Qxc5 15. Bg5 Bb7 16. Rad1 Ne4 17. Rxd6 Qxd6 18. Bf4 Qd4 19. c3 Nxc3 20. Qg4 Nd5 21. Bxd5 Qxd5 22. h4 f6 23. Nf3 e5 24. Bh6 Qf7 25. Rd1 Bxf3 26. gxf3 Qg6 0-1


[Site "https://www.chess.com"]

[Event "Titled Tuesday Blitz August 1 Early 2023"]
[White "Sarana, Alexey"]
[Black "Agibileg, Uurtsaikh"]
[WhiteFideId "24133795"]
[BlackFideId "4901606"]
[WhiteElo "3090"]
[BlackElo "2700"]
[Result "1-0"]
[Round "7"]
[TimeControl "180+1"]
[Date "2023.08.01"]
[WhiteClock "0:01:44"]
[BlackClock "0:00:06"]
[Board "18"]

1. d4 Nf6 2. c4 g6 3. Nc3 Bg7 4. e4 d6 5. Bd3 O-O 6. Nge2 e5 7. d5 a5 8. f3 Na6 9. Be3 Nc5 10. Bc2 Bd7 11. Qd2 Nh5 12. g4 Nf4 13. Nxf4 exf4 14. Bxf4 Re8 15. O-O a4 16. a3 Kh8 17. Rae1 Ra6 18. Be3 Rb6 19. Bd1 Qf6 20. Re2 h5 21. g5 Qe7 22. Bd4 Bxd4+ 23. Qxd4+ Qe5 24. Qxe5+ dxe5 25. Rd2 Kg7 26. Kf2 h4 27. Ke3 Bh3 28. Rff2 Bd7 29. f4 exf4+ 30. Rxf4 Re5 31. Kd4 Rxg5 32. Kxc5 h3 33. Bxa4 Bxa4 34. Nxa4 Rf6 35. Rxf6 Kxf6 36. Rd3 Rg2 37. Rxh3 Ke5 38. b4 Kxe4 39. Nc3+ Ke5 40. Nb5 b6+ 41. Kc6 f5 42. Nxc7 Rc2 43. c5 bxc5 44. bxc5 f4 45. d6 Kf5 46. d7 Rd2 47. Nd5 Rxd5 48. Kxd5 Kg4 1-0


[Site "https://www.chess.com"]

[Event "Titled Tuesday Blitz August 1 Early 2023"]
[White "Weetik, Vjacheslav"]
[Black "Firouzja, Alireza"]
[WhiteFideId "4153472"]
[BlackFideId "12573981"]
[WhiteElo "2747"]
[BlackElo "3070"]
[Result "0-1"]
[Round "7"]
[TimeControl "180+1"]
[Date "2023.08.01"]
[WhiteClock "0:00:00"]
[BlackClock "0:02:05"]
[Board "19"]

1. d4 Nf6 2. c4 g6 3. Nc3 Bg7 4. e4 d6 5. Nf3 O-O 6. Be2 Na6 7. O-O e5 8. Be3 Qe7 9. d5 Ng4 10. Bg5 f6 11. Bh4 h5 12. h3 Nh6 13. Nd2 Nf7 14. Rb1 Ng5 15. b4 f5 16. Kh1 Bf6 17. exf5 Bxf5 18. Bxg5 Bxg5 19. Nde4 Bh6 20. Bd3 Qh4 21. Ng3 Bxh3 22. gxh3 Qxh3+ 23. Kg1 h4 24. Nce4 hxg3 25. Nxg3 Be3 26. Ne4 Rf4 27. fxe3 Rg4+ 28. Kf2 Rg2+ 29. Ke1 Qxe3+ 30. Be2 Qxe4 31. Qd3 Rxe2+ 32. Qxe2 Qxb1+ 0-1


[Site "https://www.chess.com"]

[Event "Titled Tuesday Blitz August 1 Early 2023"]
[White "Idani, Pouya"]
[Black "Terry, Renato"]
[WhiteFideId "12510130"]
[BlackFideId "3803457"]
[WhiteElo "2739"]
[BlackElo "2938"]
[Result "1-0"]
[Round "7"]
[TimeControl "180+1"]
[Date "2023.08.01"]
[WhiteClock "0:00:23"]
[BlackClock "0:00:05"]
[Board "20"]

1. e4 e6 2. d4 d5 3. e5 c5 4. c3 Qb6 5. Nf3 Bd7 6. Bd3 cxd4 7. Nxd4 Nc6 8. Nxc6 bxc6 9. O-O Ne7 10. Nd2 c5 11. Re1 Bc6 12. Qg4 g6 13. Nf3 h6 14. b4 cxb4 15. Be3 Qb7 16. cxb4 Nf5 17. Bc5 Bxc5 18. bxc5 d4 19. Nd2 h5 20. Qh3 Qb4 21. Nc4 O-O 22. Rac1 Rab8 23. Nd6 Qd2 24. Bxf5 exf5 25. e6 fxe6 26. Qg3 Kh7 27. Nc4 f4 28. Qg5 Qxa2 29. Qe7+ Kh6 30. Ne5 Bd5 31. Nf7+ Kg7 32. Ng5+ Kh6 33. h4 Rh8 34. Nf7+ Kg7 35. Ne5+ 1-0


[Site "https://www.chess.com"]

[Event "Titled Tuesday Blitz August 1 Early 2023"]
[White "Nguyen, Ngoc Truong Son"]
[Black "Javakhadze, Zurab"]
[WhiteFideId "12401110"]
[BlackFideId "13603647"]
[WhiteElo "2901"]
[BlackElo "2734"]
[Result "1-0"]
[Round "7"]
[TimeControl "180+1"]
[Date "2023.08.01"]
[WhiteClock "0:01:02"]
[BlackClock "0:00:29"]
[Board "21"]

1. d4 Nf6 2. c4 e6 3. Nc3 d5 4. cxd5 exd5 5. Bg5 c6 6. e3 Bd6 7. Bd3 O-O 8. Qc2 h6 9. Bh4 Re8 10. Nge2 a5 11. h3 Na6 12. a3 Nc7 13. g4 Ne6 14. f4 Bxf4 15. O-O-O Bxe3+ 16. Kb1 b5 17. Rhf1 Ng5 18. Ng3 Bxd4 19. Bh7+ Nfxh7 20. Rxd4 Qb6 21. Rdf4 Be6 22. Bxg5 hxg5 23. R4f3 d4 24. Nce4 Bd5 25. Rxf7 Bxf7 26. Rxf7 Kxf7 27. Nd6+ Kg8 28. Qb3+ Kh8 29. Nf7+ Kg8 30. Nh6+ Kh8 31. Qg8+ Rxg8 32. Nf7# 1-0


[Site "https://www.chess.com"]